Map: Ascension to Aiur LE

Players

Dark

  • Race: Zerg Zerg
  • Spawn Location: 5:00

Elazer - Winner!

  • Race: Zerg Zerg
  • Spawn Location: 11:00

Event: 2017 WCS Global Finals

VOD

Have the link to the VOD?

Description

Time

  • Played on: Oct. 29, 2017, 4:46 p.m.
  • Length: 9:58

All games in this series

Show
View Real Time Build Order
Export as new Build Order

Dark Zerg 

Build Orders: Hatch First, Zergling Baneling 

Get SALT Encoding   

  12  0:00  Drone  
  13  0:12  Overlord  
  13  0:17  Drone  
  14  0:30  Drone  
  14  0:31  Drone  
  14  0:34  Drone  
  17  0:46  Drone  
  18  0:54  Hatchery  
  17  0:57  Drone  
  17  0:59  Extractor  
  17  1:07  Drone  
  18  1:15  Spawning Pool  
  17  1:18  Drone  
  18  1:28  Drone  
  19  1:40  Overlord  
  19  1:52  Drone  
  20  2:02  Zergling x2  
  20  2:03  Queen, Metabolic Boost  
  20  2:06  Queen  
  20  2:07  Drone  
  26  2:11  Drone  
  27  2:20  Drone  
  27  2:21  Baneling Nest  
  27  2:25  Drone  
  28  2:30  Drone  
  29  2:43  Hatchery  
  28  2:44  Zergling x2  
  28  2:46  Drone  
  30  2:52  Drone  
  30  2:54  Overlord  
  30  2:57  Drone  
  33  3:05  Drone  
  33  3:06  Drone  
  34  3:14  Zergling x2  
  34  3:15  Zergling x6  
  38  3:20  Zergling x2  
  38  3:21  Zergling x6  
  38  3:26  Overlord  
  42  3:38  Baneling x2  
  42  3:46  Drone x3  
  42  3:47  Drone x3  
  48  3:54  Baneling x2  
  47  3:56  Drone  
  47  3:57  Overlord, Drone x2  
  47  4:00  Queen  
  47  4:02  Extractor  
  51  4:08  Drone  
  52  4:10  Baneling  
  52  4:18  Drone x2  
  52  4:21  Overlord  
  52  4:22  Drone x3  
  57  4:25  Roach Warren  
  57  4:29  Zergling x4  
  57  4:31  Drone  
  59  4:32  Baneling x2  
  59  4:40  Drone  
  59  4:41  Drone x3  
  59  4:44  Lair  
  62  4:45  Evolution Chamber  
  62  4:47  Baneling x2  
  62  4:52  Drone  
  59  4:57  Drone x3  
  59  4:58  Zergling x2  
  62  5:03  Extractor, Drone  
  62  5:04  Overlord  
  62  5:06  Drone x2  
  64  5:17  Roach x5  
  73  5:21  Overlord  
  73  5:22  Overlord  
  73  5:24  Roach x3  
  78  5:28  Spine Crawler  
  78  5:32  Roach, Spine Crawler  
  78  5:33  Roach  
  80  5:35  Baneling x2  
  80  5:36  Baneling  
  80  5:41  Baneling x3  
  80  5:45  Roach x3  
  80  5:48  Baneling  
  85  5:51  Overlord  
  85  5:52  Overlord x2  
  85  5:54  Zergling x4  
  87  6:00  Roach x3  
  85  6:06  Roach x2  
  85  6:08  Zergling x4  
  83  6:11  Roach  
  83  6:12  Roach  
  83  6:16  Zergling x4  
  84  6:18  Baneling x2  
  84  6:25  Drone x3  
  87  6:31  Zergling x4  
  87  6:32  Zergling x4  
  91  6:35  Baneling x2  
  91  6:36  Overlord  
  91  6:37  Zergling x2  
  92  6:40  Baneling  
  89  6:49  Roach  
  89  6:53  Roach x2  
  91  6:54  Zergling x4  
  91  6:59  Roach  
  85  7:03  Roach x2  
  85  7:04  Roach x3  
  85  7:05  Queen  
  89  7:08  Roach  
  89  7:09  Roach  
  89  7:13  Baneling x2  
  93  7:15  Baneling x2  
  93  7:16  Baneling  
  93  7:19  Queen  
  93  7:20  Zergling x6  
  93  7:21  Baneling  
  98  7:24  Overlord  
  94  7:44  Roach x3  
  94  7:52  Roach x2  
  94  7:56  Overlord  
  97  7:59  Overlord x2  
  97  8:03  Baneling x3  
  97  8:14  Overlord  
  97  8:15  Drone  
  97  8:16  Glial Reconstitution  
  97  8:17  Queen  
  100  8:21  Overlord  
  100  8:22  Overlord  
  100  8:28  Zergling x6  
  100  8:32  Roach  
  104  8:38  Drone x3  
  104  8:39  Roach x2  
  104  8:41  Roach  
  112  8:49  Roach x2  
  112  8:53  Roach  
  114  9:00  Roach  
  114  9:02  Roach  
  100  9:08  Roach  
  88  9:11  Roach  
  88  9:14  Roach  
  88  9:17  Roach x2  
  92  9:19  Roach  
  92  9:22  Roach  
  76  9:31  Roach  
Show
View Real Time Build Order
Export as new Build Order

Elazer Zerg - Winner!

Build Orders: Hatch First 

Get SALT Encoding   

  12  0:00  Drone  
  13  0:13  Overlord  
  13  0:17  Drone  
  14  0:31  Drone  
  14  0:32  Drone  
  16  0:36  Drone  
  17  0:52  Hatchery  
  17  0:55  Drone  
  17  0:57  Drone  
  18  1:06  Extractor  
  17  1:12  Spawning Pool  
  17  1:16  Drone  
  17  1:20  Drone  
  18  1:28  Drone  
  19  1:39  Overlord  
  19  1:50  Drone  
  20  1:59  Queen  
  20  2:00  Zergling x2  
  23  2:03  Queen  
  23  2:04  Zergling x2  
  23  2:08  Metabolic Boost  
  26  2:12  Drone  
  26  2:14  Drone  
  29  2:22  Drone  
  29  2:25  Drone  
  29  2:28  Baneling Nest  
  29  2:33  Drone  
  30  2:37  Drone  
  31  2:47  Hatchery  
  31  2:50  Drone  
  31  2:54  Overlord  
  31  2:59  Drone x2  
  33  3:07  Zergling x6  
  36  3:13  Drone  
  36  3:15  Drone x3  
  36  3:18  Baneling x2  
  40  3:25  Overlord  
  40  3:26  Drone x2  
  42  3:31  Drone  
  43  3:35  Overlord  
  43  3:39  Zergling x2  
  44  3:43  Queen  
  44  3:46  Zergling x6  
  49  3:50  Queen  
  49  3:58  Zergling x4  
  49  3:59  Zergling x2  
  49  4:01  Zergling x4  
  54  4:04  Extractor  
  54  4:05  Extractor  
  54  4:08  Drone x2  
  54  4:09  Roach Warren  
  53  4:11  Drone  
  53  4:14  Baneling x2  
  54  4:18  Overlord  
  54  4:21  Drone x3  
  54  4:24  Drone x2  
  59  4:30  Overlord  
  59  4:43  Overlord  
  57  4:47  Extractor  
  57  4:49  Roach x4  
  62  4:56  Roach x5  
  72  5:00  Roach  
  72  5:01  Roach  
  72  5:03  Roach  
  77  5:18  Roach x3  
  77  5:19  Zergling x2  
  77  5:20  Zergling x10  
  87  5:26  Zergling x2  
  87  5:27  Zergling x2  
  88  5:30  Zergling x2  
  88  5:35  Baneling x3  
  89  5:36  Zergling x2  
  89  5:42  Overlord x2  
  89  5:50  Baneling, Zergling x2  
  83  6:05  Zergling x10  
  82  6:12  Zergling x6  
  82  6:16  Zergling x20  
  86  6:21  Ravager x2  
  86  6:22  Ravager x2  
  86  6:23  Roach  
  92  6:27  Ravager  
  92  6:28  Roach  
  92  6:29  Zergling x4  
  97  6:34  Baneling x2  
  97  6:35  Zergling x2  
  97  6:36  Zergling x4  
  97  6:38  Baneling  
  100  6:40  Zergling x4  
  97  6:49  Zergling x8  
  93  6:57  Zergling x10  
  88  7:03  Roach x4  
  88  7:08  Roach x2  
  93  7:10  Roach  
  93  7:13  Roach  
  97  7:18  Roach  
  97  7:22  Roach  
  101  7:25  Roach  
  101  7:27  Roach  
  105  7:34  Overlord  
  106  7:37  Ravager  
  95  7:53  Roach x7  
  95  7:57  Roach  
  108  8:02  Overlord  
  108  8:04  Roach  
  108  8:05  Roach x2  
  114  8:09  Overlord x2  
  114  8:21  Zergling x2  
  114  8:22  Zergling x12  
  121  8:30  Zergling x2  
  121  8:31  Zergling x8  
  121  8:32  Ravager  
  121  8:33  Ravager  
  127  8:36  Ravager, Zergling x2  
  127  8:37  Zergling x2  
  127  8:39  Zergling x2  
  131  8:42  Baneling x2  
  131  8:50  Zergling x10  
  130  9:01  Zergling x12  
  115  9:08  Zergling x8  
  104  9:12  Zergling x4  
  103  9:17  Zergling x6  
  101  9:24  Zergling x4  
  101  9:25  Zergling x2  
  101  9:30  Roach x3  
  103  9:36  Roach x2  
Tags
 
Add a new tag
Caveats
  • Supply blocks, unpowered buildings, or Contaminate may cause inaccurate times.
  • Supply counts are checked every 10 seconds.